 Dungeon Crawl Stone Soup version 0.28.0-53-g5a82cb258f (webtiles) character file.

Game seed: 10953507204018705287

27 Zeld the Skirmisher (level 3, 30/30 HPs)
             Began as a Barachi Fighter on May 26, 2022.
             Quit the game on level 1 of the Dungeon.
             The game lasted 00:00:33 (510 turns).

Zeld the Skirmisher (Barachi Fighter)                Turns: 510, Time: 00:00:34

Health: 30/30      AC:  7    Str: 19    XL:     3   Next: 10%
Magic:  3/3        EV:  9    Int:  8    God:
Gold:   21         SH:  4    Dex: 11    Spells: 2/2 levels left

rFire   . . .      SeeInvis .   a - +0 long sword
rCold   . . .      Faith    .   c - +0 buckler
rNeg    . . .      Spirit   .   b - +0 scale mail
rPois   .          Reflect  .   (no helmet)
rElec   .          Harm     .   (no cloak)
rCorr   .          Rampage  .   (no gloves)
Will    .....                   (no boots)
Stlth   ..........              (no amulet)
HPRegen 0.10/turn               (no ring)
MPRegen 0.08/turn               (no ring)

@: slow
A: amphibious, slowness 1, strong legs 1, +LOS
a: Hop


You were on level 1 of the Dungeon.
You visited 1 branch of the dungeon, and saw 1 of its levels.

You collected 41 gold pieces.
You spent 20 gold pieces at shops.

Inventory:

Hand Weapons
 a - a +0 long sword (weapon)
Armour
 b - a +0 scale mail (worn)
 c - a +0 buckler (worn)
Scrolls
 e - 2 scrolls of identify {unknown}
Potions
 d - a potion of might
 f - 2 potions of curing {unknown}
 g - a potion of resistance {unknown}
 h - a potion of haste {unknown}


   Skills:
 + Level 4.0 Fighting
 + Level 2.9 Long Blades
 + Level 4.0 Armour
 + Level 3.6 Shields


You had 2 spell levels left.
You didn't know any spells.
Your spell library was empty.

Dungeon Overview and Level Annotations

Branches:
Dungeon (1/15)

Altars:

Shops:
D:1 *[


Innate Abilities, Weirdness & Mutations

You are amphibious.
You cover ground slowly.
You can hop short distances.
You have an extended range of vision and can be seen from far away.


Message History

You closely miss the jackal.
The jackal is severely wounded.
The jackal bites you but does no damage.
You closely miss the jackal.
The jackal is severely wounded.
The jackal bites you. x2
You slash the jackal!
You kill the jackal!
The jackal bites you but does no damage.
You have reached level 3!
Your experience leads to an increase in your attributes!
Increase (S)trength, (I)ntelligence, or (D)exterity?
You feel stronger. x2
You slash the jackal!
You kill the jackal!
You block the jackal's attack.
You hit the jackal but do no damage. The jackal closely misses you.
You barely miss the jackal.
The jackal bites you but does no damage. x2
You closely miss the jackal.
The jackal bites you but does no damage. x2
You barely miss the jackal. You block the jackal's attack.
The jackal closely misses you.
You hit the jackal.
The jackal is heavily wounded.
You block the jackal's attack. The jackal closely misses you.
You slash the jackal!
You kill the jackal!
Key pressed, stopping explore.
You see here a jackal corpse.
No target in view!
There is an open door here.
You open the door.
Found Yxomi's Armour Shop.
There is an open door here.
No target in view!
Key pressed, stopping explore.
No target in view!
There is an entrance to Yxomi's Armour Shop here.
Are you sure you want to abandon this character and quit the game? (Confirm with "yes".)

#.....# #.#
#......#
#.....# #.#
#......#
#....## #.#
#......#
#....# #.#
#......#
###### #.#
#......# #.#
#......#
#.###......#
#..###'#####
#.@....#
########


There were no monsters in sight!

Vanquished Creatures
  A dart slug (D:1)
  2 endoplasms (D:1)
  4 goblins (D:1)
  A hobgoblin (D:1)
  4 jackals (D:1)
  4 ball pythons (D:1)
  2 bats (D:1)
  A kobold (D:1)
  3 rats (D:1)
22 creatures vanquished.

Notes
Turn   | Place    | Note
-------+----------+-------------------------------------------
     0 | D:1      | Zeld the Barachi Fighter began the quest for the Orb.
     0 | D:1      | Reached XP level 1. HP: 18/18 MP: 1/1
   167 | D:1      | Reached XP level 2. HP: 23/25 MP: 2/2
   257 | D:1      | Found Popalloj's Assorted Antiques.
   270 | D:1      | Bought a viscous pink potion for 20 gold pieces
   444 | D:1      | Reached XP level 3. HP: 24/30 MP: 3/3
   505 | D:1      | Found Yxomi's Armour Shop.
   510 | D:1      | Quit the game

Illustrated notes

Levels and vault maps discovered:
D:1:      minmay_arrival_four_circles, layout_basic, serial_shops,
          nicolae_shop_trees, shop, nicolae_square_shop, shop,
          serial_bayou_pond_b, minmay_distorted

Skill      XL: |  1  2 |
---------------+-------+-----
Fighting       | 4 |  4.0
Armour         | 4 |  4.0
Long Blades    | |  2.9
Shields        | |  3.6

Action                   || total
-------------------------++-------
Melee: Long sword        ||    51
 Abil: Hop               ||     1
Armor: Scale mail        ||    34
Dodge: Dodged            ||    35
Block: Buckler           ||    17
